 Dungeon Crawl Stone Soup version 0.29.1-1-gd02db6906a (webtiles) character file.

Game seed: 6418611765461210324

1931 MisterFreud the Cruncher (level 9, -7/68 HPs)
             Began as a Formicid Gladiator on Oct 20, 2022.
             Was an Initiate of Yredelemnul.
             Mangled by a two-headed ogre
             ... wielding a +0 giant club
              (24 damage)
             ... on level 9 of the Dungeon.
             The game lasted 00:07:21 (5694 turns).

MisterFreud the Cruncher (Formicid Gladiator)       Turns: 5694, Time: 00:07:21

Health: -7/68      AC:  9    Str: 21    XL:     9   Next: 40%
Magic:  9/9        EV: 14    Int:  8    God:    Yredelemnul [......]
Gold:   318        SH:  9    Dex: 17    Spells: 8/8 levels left

rFire   . . .      SeeInvis +   a - +1 quarterstaff (freeze)
rCold   . . .      Faith    .   B - +0 kite shield
rNeg    . . .      Spirit   .   x - +0 scale mail
rPois   .          Reflect  .   (helmet unavailable)
rElec   .          Harm     .   n - +0 cloak
rCorr   .          Rampage  .   (no gloves)
Will    .....                   t - +0 pair of boots
Stlth   ..........              (no amulet)
HPRegen 0.21/turn               k - +4 ring of evasion
MPRegen 0.11/turn               (no ring)

@: no status effects
A: permanent stasis, dig shafts and tunnels, antennae 3, four strong arms
a: Dig, Shaft Self, Renounce Religion, Recall Undead Harvest


You were on level 9 of the Dungeon.
You worshipped Yredelemnul.
Yredelemnul was noncommittal.
You visited 2 branches of the dungeon, and saw 9 of its levels.

You collected 318 gold pieces.

Inventory:

Hand Weapons
 a - a +1 quarterstaff of freezing (weapon)
Missiles
 c - 3 throwing nets (quivered)
 d - 4 javelins
 z - 5 poisoned darts
Armour
 b - a +0 leather armour
 n - a +0 cloak (worn)
 q - a +1 buckler
 t - a +0 pair of boots (worn)
 x - a +0 scale mail (worn)
 B - a +0 kite shield (worn)
Jewellery
 k - a +4 ring of evasion (left hand)
Wands
 o - a wand of paralysis (10)
 s - a wand of mindburst (19)
 v - a wand of polymorph (7)
 A - a wand of flame (22)
Scrolls
 l - 3 scrolls of amnesia
 m - a scroll of brand weapon
 u - a scroll of enchant armour
 y - a scroll of fear
 C - a scroll of poison {unknown}
Potions
 e - 3 potions of attraction {unknown}
 f - a potion of ambrosia
 g - 2 potions of brilliance {unknown}
 h - 2 potions of curing
 i - 3 potions of haste {unknown}
 j - 3 potions of might
 p - 3 potions of lignification {unknown}
 r - a potion of cancellation {unknown}
 w - a potion of mutation {unknown}


   Skills:
 - Level 5.0 Fighting
 + Level 8.5 Staves
 - Level 2.0 Throwing
 - Level 5.0 Armour
 - Level 2.6 Dodging
 + Level 4.0 Shields
 - Level 5.0 Evocations


You had 8 spell levels left.
You didn't know any spells.
Your spell library contained the following spells:

 Spells                   Type           Power      Damage    Failure   Level
 Necrotise                Necr           0%         1d4       95%         1
 Summon Small Mammal      Summ           0%         N/A       95%         1
 Call Canine Familiar     Summ           0%         N/A       100%        3
 Summon Guardian Golem    Hex/Summ       0%         N/A       100%        3
 Vampiric Draining        Necr           0%         2d6       100%        3
 Corpse Rot               Necr/Pois/Air  0%         N/A       100%        4
 Dispel Undead            Necr           0%         3d6       100%        4
 Leda's Liquefaction      Hex/Erth       0%         N/A       100%        4
 Agony                    Necr           0%         N/A       100%        5
 Lee's Rapid Deconstruct  Erth           0%         3d5*      100%        5
 Manifold Assault         Tloc           0%         N/A       100%        5
 Statue Form              Tmut/Erth      0%         N/A       100%        6
 Storm Form               Tmut/Air       0%         N/A       100%        7
 Blink                    Tloc           Unusable   N/A       N/A         2
 Death Channel            Necr           Unusable   N/A       N/A         6

Dungeon Overview and Level Annotations

Branches:
Dungeon (9/15)             Temple (1/1) D:6
   Lair: D:8-11         Orc: D:9-12

Altars:
Ashenzari
Cheibriados
Dithmenos
Gozag
Kikubaaqudgha
Okawaru
Trog
Wu Jian
Xom
Yredelemnul
Zin


Innate Abilities, Weirdness & Mutations

You cannot be hasted, slowed, berserked, paralysed or teleported.
You can dig through walls and to a lower floor.
You have a pair of large antennae on your head. (SInv)
Your four strong arms can wield two-handed weapons with a shield.


Message History

* * * LOW HITPOINT WARNING * * *
The orc wizard misses you. The white imp gestures at you.
The puff of frost hits you.
* * * LOW HITPOINT WARNING * * *
The orc warrior attacks as you move away!
You block the orc warrior's attack.
The orc wizard attacks as you move away!
The orc wizard hits you with a +0 dagger.
* * * LOW HITPOINT WARNING * * *
The white imp attacks as you move away! The white imp hits you.
* * * LOW HITPOINT WARNING * * *
The white imp freezes you.
* * * LOW HITPOINT WARNING * * *
The orc warrior hits your orc zombie with a +2 vorpal scimitar!!
Your orc zombie is destroyed!
Are you sure you want to shaft yourself?
You block the orc wizard's attack.
You begin to dig a shaft.
You continue digging a shaft.
The orc wizard gestures at you while chanting.
The puff of flame misses you. The orc warrior closely misses you.
A shaft appears beneath you!
You fall into a shaft and drop 2 floors!
The shaft crumbles and collapses.
Found a stone staircase leading down.
You see here a +0 chain mail.
You start resting.
An orc wizard comes into view. It is wielding a +0 dagger.
An orc priest comes into view. It is wielding a +0 whip.
An orc comes into view.
It is wielding a +0 dagger of electrocution.
A two-headed ogre comes into view. It is wielding two +0 giant clubs.
An orc wizard comes into view. It is wielding a +0 dagger of draining.
Are you sure you want to shaft yourself?
The orc wizard points at you and mumbles some strange words.
The magic dart hits you.
* * * LOW HITPOINT WARNING * * *
You begin to dig a shaft.
You continue digging a shaft.
The two-headed ogre hits you with a +0 giant club!!
You die...
Your body rises from the dead as a mindless zombie.

..## #.. ##.. #..# .##
##..### ....##.....###
.............####
......O@...oo...#####.
......#######........#
..... #.....### ...o{
######.{..## #..{
....>....## #. {
......{[## # ....{...#
oo.....## .......#


You could see a two-headed ogre, an orc priest and 2 orc wizards.

Vanquished Creatures
  Pikel (D:7)
  Edmund (D:5)
  An orc warrior (D:7)
  3 black bears
  An ice beast (D:5)
  3 ogres
  A centaur (D:6)
  A phantom (D:5)
  2 lemures (D:7)
  A scorpion (D:5)
  2 howler monkeys
  A hound (D:4)
  4 jellies (D:6)
  An iguana (D:6)
  An orc wizard (D:7)
  7 adders
  A white imp (D:5)
  2 ufetubi
  2 worms
  4 dart slugs
  9 orcs
  5 bats
  3 endoplasms
  2 giant cockroaches
  7 goblins
  3 hobgoblins
  6 kobolds
  5 quokkas
  6 ball pythons
  4 frilled lizards
  5 rats
95 creatures vanquished.

Vanquished Creatures (others)
  4 orc zombies (D:7)
4 creatures vanquished.

Grand Total: 99 creatures vanquished

Notes
Turn   | Place    | Note
-------+----------+-------------------------------------------
     0 | D:1      | MisterFreud the Formicid Gladiator began the quest for the
                  | Orb.
     0 | D:1      | Reached XP level 1. HP: 16/16 MP: 1/1
   222 | D:1      | Reached XP level 2. HP: 22/22 MP: 2/2
   504 | D:1      | Found a faded altar of an unknown god.
   785 | D:1      | Reached skill level 4 in Staves
   785 | D:1      | Reached XP level 3. HP: 27/27 MP: 3/3
  1398 | D:2      | Found a shimmering altar of Xom.
  1481 | D:2      | Reached XP level 4. HP: 33/33 MP: 4/4
  1858 | D:3      | Reached skill level 5 in Staves
  2247 | D:3      | Found a faded altar of an unknown god.
  2255 | D:3      | Found a bloodstained altar of Trog.
  2390 | D:4      | Reached XP level 5. HP: 38/38 MP: 5/5
  2390 | D:4      | Found a glowing silver altar of Zin.
  2483 | D:4      | Found an ornate altar of the Wu Jian Council.
  2628 | D:4      | Found a shadowy altar of Dithmenos.
  2650 | D:4      | Noticed an ogre
  2658 | D:4      | Killed an ogre
  2659 | D:4      | Reached skill level 6 in Staves
  2659 | D:4      | Reached skill level 1 in Armour
  2659 | D:4      | Reached XP level 6. HP: 46/46 MP: 6/6
  2900 | D:5      | Entered Level 5 of the Dungeon
  2973 | D:5      | Noticed an ice beast
  3154 | D:5      | Killed an ice beast
  3155 | D:5      | Reached XP level 7. HP: 37/53 MP: 7/7
  3383 | D:5      | Noticed Edmund
  3385 | D:5      | Reached skill level 5 in Fighting
  3578 | D:5      | Killed Edmund
  3579 | D:5      | Reached skill level 5 in Armour
  3579 | D:5      | Reached XP level 8. HP: 18/62 MP: 8/8
  3866 | D:5      | Found an ancient bone altar of Kikubaaqudgha.
  4102 | D:6      | Reached skill level 1 in Evocations
  4975 | D:6      | Reached skill level 7 in Staves
  5027 | D:6      | Found a staircase to the Ecumenical Temple.
  5044 | Temple   | Entered the Ecumenical Temple
  5072 | Temple   | Became a worshipper of Yredelemnul the Dark
  5148 | D:7      | Noticed Pikel
  5246 | D:7      | Reached XP level 9. HP: 48/68 MP: 9/9
  5252 | D:7      | Reached * piety under Yredelemnul
  5381 | D:7      | Killed Pikel
  5382 | D:7      | Reached skill level 8 in Staves
  5382 | D:7      | Reached skill level 5 in Evocations
  5637 | D:7      | You fall into a shaft and drop 2 floors!
  5691 | D:9      | Noticed a two-headed ogre
  5694 | D:9      | Mangled by a two-headed ogre

Illustrated notes

Levels and vault maps discovered:
D:1:      scummos_arrival_gate, layout_loops_ring, basic_ecumenical_altar,
          hangedman_decor_riveting
D:2:      layout_loops_corners, basic_altar, minmay_misc_feat_ornament
D:3:      layout_rooms, nicolae_overflow_ecumenical_swirl,
          minmay_misc_feat_alley
D:4:      layout_rooms, lemuel_doored_altar, mainiacjoe_overflow_alcove_1,
          marbit_many_paths, feat_on_display
D:5:      layout_basic, mainiacjoe_overflow_surrounded_room,
          chequers_serial_rivers_micro_e, uniq_edmund
D:6:      layout_cave_pods, minmay_temple_entry_antechambers, enter_ossuary_1
D:7:      layout_rooms, uniq_pikel, uniq_menkaure, uniq_crazy_yiuf_cottage
D:9:      layout_layer_cave, lair_entry_dummy
Temple:   eino_wide_crystal_templ

Skill      XL: |  1  2  3  4  5  6  7  8  9 |
---------------+----------------------------+-----
Staves         | 4 5 6 7 8 |  8.5
Armour         | 1 2 5 |  5.0
Fighting       | 3 5 |  5.0
Shields        | 2 4 |  4.0
Evocations     | 4 5 |  5.0
Throwing       | |  2.0
Dodging        | |  2.6

Action                   |  1- 3 |  4- 6 |  7- 9 || total
-------------------------+-------+-------+-------++-------
Melee: Quarterstaff      |    76 |    78 |   170 ||   324
       Punch             |     1 |       |       ||     1
 Abil: Shaft Self        |       |       |     2 ||     2
  Use: Scroll            |     7 |     6 |       ||    13
 Stab: Sleeping          |     2 |     2 |       ||     4
Armor: Leather armour    |    19 |     7 |     9 ||    35
       Scale mail        |       |       |    34 ||    34
Dodge: Dodged            |    69 |    48 |   124 ||   241
Block: Buckler           |       |     8 |    36 ||    44
       Kite shield       |       |       |     6 ||     6
